 Dungeon Crawl Stone Soup version 0.32-a0-473-gd044c6f0f0 (webtiles) character file.

Game seed: 7495222033795287095

41650 anacleto the Severer (level 13, -4/95 HPs)
             Began as a Minotaur Berserker on Feb 26, 2024.
             Was a High Priest of Trog.
             Killed from afar by a smoke demon (6 damage)
             ... with a ball of steam
             ... summoned by an orc high priest
             ... on level 2 of the Orcish Mines.
             The game lasted 00:47:11 (21419 turns).

anacleto the Severer (Minotaur Berserker)          Turns: 21419, Time: 00:47:11

Health: -4/95      AC: 16    Str: 32    XL:     13   Next: 81%
Magic:  24/24      EV:  9    Int:  4    God:    Trog [*****.]
Gold:   2408       SH:  0    Dex: 11    Spells: 12/12 levels left

rFire   . . .        a - +5 battleaxe (heavy)
rCold   . . .        (shield currently unavailable)
rNeg    . . .        g - +0 plate armour
rPois   .            (helmet restricted)
rElec   .            s - +1 cloak
rCorr   .            (no gloves)
SInv    .            l - +0 pair of boots
Will    .....        I - amulet of faith Stlth
                     E - +6 ring of strength
HPRegen 0.35/turn    (no ring)
MPRegen 0.19/turn

%: faith
@: mighty, on berserk cooldown, slowed, very slow
A: horns 2, retaliatory headbutt
a: Renounce Religion, Berserk, Trog's Hand, Brothers in Arms


You were on level 2 of the Orcish Mines.
You worshipped Trog.
Trog was extremely pleased with you.
You visited 2 branches of the dungeon, and saw 15 of its levels.
You also visited: Bailey.

You collected 2408 gold pieces.

Inventory:

Hand Weapons
 a - a +5 heavy battleaxe (weapon)
 b - a +4 arbalest of draining
Armour
 g - a +0 plate armour (worn)
 l - a +0 pair of boots (worn)
 s - a +1 cloak (worn)
Jewellery
 d - a ring of poison resistance
 E - a +6 ring of strength (left hand)
 I - an amulet of faith (around neck)
 M - an amulet of regeneration
 O - an amulet of magic regeneration
 P - a +5 ring of evasion
Wands
 u - a wand of polymorph (15)
 w - a wand of flame (29)
 y - a wand of paralysis (31)
 D - a wand of mindburst (27)
Scrolls
 f - 2 scrolls of poison
 h - 2 scrolls of amnesia
 j - 2 scrolls of blinking
 o - 3 scrolls of immolation
 q - a scroll of brand weapon
 v - 2 scrolls of enchant armour {unknown}
 C - a scroll of vulnerability {unknown}
 F - 5 scrolls of fog {unknown}
 H - a scroll of summoning {unknown}
 K - a scroll of noise {unknown}
 N - a scroll of fear {unknown}
Potions
 c - 3 potions of cancellation
 e - a potion of ambrosia {unknown}
 i - 2 potions of heal wounds {unknown}
 k - 2 potions of resistance {unknown}
 m - 3 potions of degeneration {unknown}
 n - 2 potions of lignification {unknown}
 p - 2 potions of haste {unknown}
 r - 2 potions of might
 t - 3 potions of curing
 x - 2 potions of brilliance {unknown}
 z - 4 potions of berserk rage
 A - 2 potions of magic {unknown}
 G - 5 potions of mutation
 J - a potion of invisibility {unknown}
 L - a potion of attraction {unknown}
Miscellaneous
 B - a lightning rod (4/4)


   Skills:
 - Level 3.6 Fighting
 - Level 19.3 Axes
 - Level 4.4 Ranged Weapons
 - Level 5.6 Armour
 - Level 5.1 Dodging
 + Level 16.2 Invocations


You had 12 spell levels left.
You didn't know any spells.
Your spell library was empty.

Dungeon Overview and Level Annotations

Branches:
Dungeon (13/15)            Temple (0/1) D:5            Lair (0/5) D:10
    Orc (2/2) D:12            Elf (0/3) Orc:2        Bailey (visited)
 Vaults: D:13-14

Altars:
Dithmenos
Gozag
Hepliaklqana
Makhleb
Nemelex Xobeh
Okawaru
Qazlal
Ru
Sif Muna
Trog
Uskayaw
Wu Jian
Yredelemnul
Beogh

Shops:
D:9 *   Orc:2 (

Portals:
Trove: D:10 (give 14 potions of heal wounds)

Annotations:
Orc:1 3 runed translucent doors, Ponisiar's ghost, journeyman TrGl


Innate Abilities, Weirdness & Mutations

You have a pair of horns on your head.
You reflexively headbutt those who attack you in melee.


Message History

Trog accepts your kill.
Trog appreciates your killing of a magic user.
The hellwing disappears in a puff of smoke!
The ice devil disappears in a puff of smoke!
Unknown command.
You barely miss the orc high priest. The orange demon stings you from afar!
* * * LOW HITPOINT WARNING * * *
An orc wizard comes into view. It is wielding a +0 dagger.
The orc high priest hits you but does no damage.
The orange demon stings you from afar.
* * * LOW HITPOINT WARNING * * *
Unknown command.
You open the orc high priest like a pillowcase!!!
Your headbutt misses the orc high priest.
The orc high priest is severely wounded.
You hear a shout! x2
The orc high priest hits you with a +0 short sword.
* * * LOW HITPOINT WARNING * * *
The orange demon stings you but does no damage.
The orc high priest mumbles some strange prayers to Beogh against you.
Pain shoots through your body!
* * * LOW HITPOINT WARNING * * *
You feel very mighty all of a sudden.
The orange demon stings you but does no damage.
The orc wizard mumbles some strange words.
The orc wizard flickers and vanishes!
Deactivating autopickup; reactivate with Ctrl-A.
The orc high priest hits you but does no damage.
The orange demon barely misses you.
The orc high priest mumbles some strange prayers to Beogh.
Blink to where?
Press: ? - help, Dir - move target An orc wizard comes into view.
It is wielding a +0 dagger of freezing.
As you read the scroll of blinking, it crumbles to dust.
The orc wizard shouts!
You hear a shout!
An orc high priest comes into view. It is wielding a +0 flail.
An orc priest comes into view. It is wielding a +0 club.
The smoke demon gestures at you. The ball of steam hits you.
You die...

.................................
.................................
..............................#..
...>.............................
.#..............................#
.................................
........................#........
.....## #######.###########.....
.... ######@###### #.....
#.....o§§...### #...#.
...####.####3o4## ######
#.######.4## # #.#...###K{#
#.#.....##)# #.#.o...)#.#


oo. #..))# ... ##.)## You could see an orc high priest, an orc priest
(wandering) and an orc wizard.

Vanquished Creatures
  Kirke (D:12)
  An orc warlord (Bailey)
  2 centaur warriors (D:13)
  6 two-headed ogres
  2 boulder beetles
  4 skeletal warriors (D:13)
  Lodul (D:11)
  A deep elf pyromancer (D:12)
  4 orc knights
  3 orc sorcerers (Orc:2)
  5 cyclopes
  An ugly thing (D:12)
  6 centaur zombies (D:11)
  3 meliai (D:13)
  4 manticores
  2 kobold blastminers
  A rust devil (D:12)
  3 orange demons (D:12)
  A smoke demon (D:12)
  3 unseen horrors
  A gargoyle (D:12)
  An efreet (D:12)
  An ice devil (D:12)
  A hellwing (D:12)
  10 trolls
  A meliai zombie (D:11)
  Sigmund (D:5)
  5 slime creatures
  4 wyverns
  4 shadows
  5 wraiths
  3 hogs (D:12)
  3 vampires (D:11)
  11 yaks
  2 wargs (Orc:1)
  A steam dragon (D:8)
  Menkaure (D:5)
  3 chaos spawn (D:12)
  3 acid dragons
  A water moccasin (D:5)
  Duvessa (D:4)
  An ice beast (D:7)
  22 orc warriors
  A black bear (D:2)
  2 sky beasts (D:7)
  7 centaurs
  15 ogres
  4 wolves (D:10)
  3 kobold brigands
  A bullfrog (D:8)
  4 scorpions
  17 wights
  Dowan (D:4)
  10 killer bees
  3 howler monkeys (D:9)
  A bombardier beetle (D:3)
  2 electric eels
  14 orc priests
  Crazy Yiuf (D:2)
  8 hounds
  4 jellies
  A sleepcap (D:7)
  3 iguanas
  17 orc wizards
  Ijyb (D:3)
  A howler monkey zombie (D:11)
  7 gnolls
  5 adders
  A shadow imp (D:7)
  2 white imps
  2 ufetubi (D:5)
  3 ribbon worms
  3 dart slugs
  84 orcs
  4 endoplasms
  5 giant cockroaches
  24 goblins
  14 hobgoblins
  2 jackals (D:3)
  4 quokkas
  8 ball pythons
  9 bats
  2 frilled lizards (D:1)
  22 kobolds
  11 rats
473 creatures vanquished.

Vanquished Creatures (collateral kills)
  A troll (D:13)
1 creature vanquished.

Vanquished Creatures (others)
  An arcanist (D:4)
  4 humans (D:12)
5 creatures vanquished.

Grand Total: 479 creatures vanquished

Notes
Turn   | Place    | Note
-------+----------+-------------------------------------------
     0 | D:1      | anacleto the Minotaur Berserker began the quest for the
                  | Orb.
     0 | D:1      | Reached XP level 1. HP: 19/19 MP: 0/0
    36 | D:1      | Reached skill level 4 in Axes
    91 | D:1      | Reached XP level 2. HP: 25/26 MP: 1/1
   335 | D:1      | Found a faded altar of an unknown god.
   426 | D:1      | Reached ** piety under Trog
   428 | D:1      | Reached skill level 5 in Axes
   559 | D:2      | Found a runed translucent door.
   560 | D:2      | Noticed Crazy Yiuf
   606 | D:2      | Reached XP level 3. HP: 31/31 MP: 2/2
   661 | D:2      | Found a hide-covered altar of Uskayaw.
   696 | D:2      | Noticed a black bear
   702 | D:2      | Killed a black bear
   703 | D:2      | Reached skill level 6 in Axes
   703 | D:2      | Reached XP level 4. HP: 39/39 MP: 3/3
  1414 | D:2      | Killed Crazy Yiuf
  1415 | D:2      | Reached skill level 7 in Axes
  1415 | D:2      | Reached XP level 5. HP: 45/45 MP: 0/4
  1716 | D:3      | Identified the +1 robe "Moshic" {rElec Will+}
  1778 | D:3      | Found a burning altar of Makhleb.
  1860 | D:3      | Reached skill level 8 in Axes
  1970 | D:3      | Found a shimmering blue altar of Sif Muna.
  2022 | D:3      | Noticed Ijyb
  2031 | D:3      | Killed Ijyb
  2032 | D:3      | Reached XP level 6. HP: 51/51 MP: 5/5
  2060 | D:3      | Found a faded altar of an unknown god.
  2220 | D:3      | Found a basalt altar of Yredelemnul.
  2306 | D:4      | Noticed Duvessa
  2306 | D:4      | Noticed Dowan
  2314 | D:4      | Killed Duvessa
  2315 | D:4      | Reached skill level 1 in Invocations
  2316 | D:4      | Killed Dowan
  2474 | D:4      | Reached *** piety under Trog
  2650 | D:4      | Reached XP level 7. HP: 38/57 MP: 6/8
  2773 | D:4      | Reached skill level 9 in Axes
  3219 | D:4      | Found a bloodstained altar of Trog.
  3222 | D:4      | Noticed a wizard
  3228 | D:4      | Killed a wizard
  3263 | D:5      | Entered Level 5 of the Dungeon
  3407 | D:5      | Noticed Sigmund
  3417 | D:5      | Killed Sigmund
  3612 | D:5      | Noticed Menkaure
  3616 | D:5      | Killed Menkaure
  3617 | D:5      | Reached skill level 10 in Axes
  3617 | D:5      | Reached XP level 8. HP: 64/64 MP: 10/10
  3897 | D:5      | Reached skill level 5 in Invocations
  3921 | D:5      | Found a stormy altar of Qazlal.
  3931 | D:5      | Noticed an air elemental
  3981 | D:5      | You fall into a shaft and drop 1 floor!
  4498 | D:5      | Found a staircase to the Ecumenical Temple.
  4533 | D:6      | Found a sparkling altar of Nemelex Xobeh.
  4857 | D:6      | Reached skill level 1 in Ranged Weapons
  4932 | D:6      | Found an ornate altar of the Wu Jian Council.
  4969 | D:6      | Reached skill level 11 in Axes
  5120 | D:6      | Found a shadowy altar of Dithmenos.
  5126 | D:6      | Found a hazy altar of Hepliaklqana.
  5177 | D:6      | Noticed a +0 dagger
  5177 | D:6      | Noticed a +0 dagger
  5178 | D:6      | Found a hide-covered altar of Uskayaw.
  5420 | D:7      | Reached XP level 9. HP: 70/70 MP: 12/12
  6251 | D:8      | Reached **** piety under Trog
  6252 | D:8      | Reached skill level 5 in Armour
  6373 | D:8      | Reached skill level 5 in Dodging
  6441 | D:8      | Found a flagged portal.
  6452 | Bailey   | Entered a bailey
  6636 | Bailey   | Reached skill level 12 in Axes
  6920 | Bailey   | Noticed an orc knight
  6928 | Bailey   | Killed an orc knight
  6929 | Bailey   | Reached XP level 10. HP: 77/77 MP: 14/14
  6936 | Bailey   | Reached skill level 13 in Axes
  6944 | Bailey   | Noticed an orc knight
  6950 | Bailey   | Killed an orc knight
  6960 | Bailey   | Noticed an orc knight
  7003 | Bailey   | Killed an orc knight
  7004 | Bailey   | Reached skill level 14 in Axes
  7159 | Bailey   | Noticed an orc warlord
  7173 | Bailey   | Killed an orc warlord
  7430 | D:8      | Acquired a +4 arbalest of draining
  7722 | D:8      | Reached skill level 15 in Axes
  7801 | D:8      | Found an iron altar of Okawaru.
  8012 | D:9      | Noticed a two-headed ogre
  8021 | D:9      | Killed a two-headed ogre
  8100 | D:9      | Found Vesoza's Overcharged Wands.
  8206 | D:9      | Reached XP level 11. HP: 82/82 MP: 16/16
  8591 | D:9      | Reached ***** piety under Trog
  8718 | D:9      | Found a sacrificial altar of Ru.
  8879 | D:10     | Entered Level 10 of the Dungeon
  9114 | D:10     | Reached skill level 16 in Axes
 10119 | D:10     | Reached skill level 10 in Invocations
 10265 | D:10     | Found a staircase to the Lair.
 10615 | D:10     | Found a roughly hewn altar of Beogh.
 10762 | D:10     | Noticed a two-headed ogre
 10764 | D:10     | Received a gift from Trog
 10769 | D:10     | Killed a two-headed ogre
 10831 | D:10     | Found a portal to a secret trove of treasure.
 11036 | D:10     | Found an opulent altar of Gozag.
 11291 | D:11     | Reached skill level 17 in Axes
 11523 | D:11     | Reached XP level 12. HP: 83/90 MP: 19/19
 12514 | D:11     | Noticed a boulder beetle
 13130 | D:11     | Noticed Lodul
 13136 | D:11     | Killed Lodul
 13143 | D:11     | Reached skill level 18 in Axes
 13280 | D:11     | Killed a boulder beetle
 14791 | D:12     | Noticed Kirke
 14815 | D:12     | Killed Kirke
 14961 | D:12     | Reached skill level 19 in Axes
 15369 | D:12     | Found a staircase to the Orcish Mines.
 15381 | D:12     | Found a roughly hewn altar of Beogh.
 15596 | D:12     | Reached XP level 13. HP: 73/95 MP: 21/21
 19206 | D:13     | HP: 3/95 [two-headed ogre/+0 giant club (26)]
 19286 | D:13     | Reached skill level 15 in Invocations
 19767 | Orc:1    | Entered Level 1 of the Orcish Mines
 19848 | Orc:1    | Found a runed translucent gate.
 20342 | Orc:1    | Found a runed translucent gate.
 20343 | Orc:1    | Found a runed translucent gate.
 20379 | Orc:1    | Noticed a merfolk impaler
 20383 | Orc:1    | Noticed Ponisiar's ghost (journeyman TrGl)
 20997 | Orc:1    | Found an iron altar of Okawaru.
 21026 | Orc:2    | Entered Level 2 of the Orcish Mines
 21124 | Orc:2    | Found a staircase to the Elven Halls.
 21390 | Orc:2    | Found Gyem's Weapon Emporium.
 21417 | Orc:2    | HP: 1/95 [orc high priest/nerve-wracking pain (9)]
 21419 | Orc:2    | Killed from afar by a smoke demon

Illustrated notes

Levels and vault maps discovered:
D:1:      lightli_arrival_chessboard, layout_rooms,
          dreamdust_ecumenical_altar_statues, chequers_serial_rivers_large_b,
          minmay_hexomino_u4
D:2:      layout_basic, basic_altar, uniq_crazy_yiuf_cottage
D:3:      layout_rooms, mainiacjoe_overflow_six_doors_small,
          nicolae_overflow_ecumenical_swirl, mainiacjoe_overflow_cross_hatched,
          uniq_ijyb
D:4:      dreamdust_elfheim, layout_basic, trog_wizard
D:5:      layout_basic, nicolae_qazlal_style_of_elements,
          minmay_temple_entry_fiery, kennysheep_generic_room_14, uniq_sigmund,
          uniq_menkaure
D:6:      layout_basic, pdpol_wu_jian_five_deadly_venoms,
          dancing_weapons_uskayaw, riverfiend_overflow_shadow_ancestor,
          mainiacjoe_overflow_tiny_flanked, minmay_crystal_room
D:7:      layout_rooms, grunt_decor_arrowhead
D:8:      layout_loops_ring, okawaru_altar_gauntlet_db, enter_bailey_5
D:9:      layout_irregular_city, nicolae_ru_path_of_blood,
          nicolae_shop_overcharged_wands
D:10:     layout_loops_ring, lemuel_round_altar, erik_lair_island, special_room
          [special_room_orc], enter_trove_0
D:11:     layout_small_grid, serial_undead, serial_undead_a, serial_undead_e,
          serial_undead_c, serial_undead_a, kennysheep_cross_bottleneck,
          uniq_lodul
D:12:     layout_roguey, minmay_orc_entry_temple_small, serial_demonic,
          serial_demonic_a, serial_demonic_b, serial_demonic_d,
          serial_demonic_a, uniq_kirke
D:13:     layout_loops_ring, hangedman_abyss_or_decor_passed
Orc:1:    minmay_goldmine, layout_diamond_mine, gammafunk_ghost_fury_of_okawaru,
          regret_index_minedec_shroomtown_chain
Orc:2:    st_orc_elflike, layout_diamond_mine

Skill      XL: |  1  2  3  4  5  6  7  8  9 10 11 12 13 |
---------------+----------------------------------------+-----
Axes           | 4 5 6 7 8 10 11 12 15 17 19 | 19.3
Invocations    | 2 4 6 7 8 11 13 16 | 16.2
Ranged Weapons | 2 4 |  4.4
Armour         | 3 5 |  5.6
Dodging        | 3 5 |  5.1
Fighting       | |  3.6

Action                     |  1- 3 |  4- 6 |  7- 9 | 10-12 | 13-15 || total
---------------------------+-------+-------+-------+-------+-------++-------
  Melee: Hand axe          |    38 |   110 |   262 |       |       ||   410
         Headbutt          |     4 |    19 |    55 |    48 |    20 ||   146
         Battleaxe         |       |       |    29 |   341 |   177 ||   547
   Fire: Shortbow          |       |       |    14 |       |       ||    14
         Arbalest          |       |       |       |    42 |    15 ||    57
 Invoke: Berserk           |     2 |     6 |    13 |    26 |    15 ||    62
         Trog's Hand       |       |       |     1 |     2 |     2 ||     5
         Brothers in Arms  |       |       |       |       |     1 ||     1
Ability: Begin Untransform |       |     1 |       |       |       ||     1
  Evoke: Lightning rod     |       |       |       |     2 |     2 ||     4
    Use: Scroll            |       |       |     7 |    10 |     7 ||    24
         Potion            |       |       |       |       |     3 ||     3
 Armour: Animal skin       |    31 |     2 |       |       |       ||    33
         Ring mail         |       |    54 |       |       |       ||    54
         Chain mail        |       |    13 |   194 |    36 |       ||   243
         Plate armour      |       |       |       |   426 |   261 ||   687
  Dodge: Dodged            |    47 |    41 |   104 |   190 |    79 ||   461
   Form: Serpent           |       |     1 |       |       |       ||     1

Table legend: (Time is in decaauts)
 A = Elapsed time spent in this place.
 B = Non-inter-level travel time spent in this place.
 C = Inter-level travel time spent in this place.
 D = Time resting spent in this place.
 E = Time spent auto-exploring this place.
 F = Levels seen in this place.
 G = Mean time per level.
                   A        B        C        D        E       F      G
               +--------+--------+--------+--------+--------+-----+--------+
         Total |  22153 |  21598 |    555 |   9330 |   8238 |  16 | 1384.6 |
       Dungeon |  19422 |  18884 |    538 |   8497 |   7250 |  13 | 1494.0 |
  Orcish Mines |   1682 |   1665 |     17 |    327 |    871 |   2 |  841.0 |
        Bailey |   1048 |   1048 |      0 |    504 |    117 |   1 | 1048.0 |
               +--------+--------+--------+--------+--------+-----+--------+

Top non-repeatable levels by time:
    D:11: 3252 daAuts
    D:12: 3226 daAuts
    D:13: 2465 daAuts
     D:9: 1802 daAuts
    D:10: 1547 daAuts
   Orc:1: 1276 daAuts
     D:5: 1263 daAuts
  Bailey: 1048 daAuts
     D:4: 1031 daAuts
     D:2: 984 daAuts
     D:8: 894 daAuts
     D:6: 847 daAuts
     D:3: 802 daAuts
     D:7: 750 daAuts
     D:1: 552 daAuts
